| TOP OF THE 1ST |
|
New Hampshire Fisher Cats batting - Pitching for Akron RubberDucks : RHP Yuri Bijleveld
|
|
Pitching: RHP Yuri Bijleveld
|
|
|
Batting: RHB Tokuji Kawabata
|
0-0: Foul Ball, location: 2F 0-1: Swinging Strike 0-2: Ground out 5-3 (Groundball, 56S, EV 89.4 MPH)
|
|
Batting: RHB Stephen Casteel
|
0-0: Ball 1-0: Fly out, F7 (Flyball, 7D, EV 98.1 MPH)
|
|
Batting: RHB Bill Murray
|
0-0: Ball 1-0: Called Strike 1-1: Foul Ball, location: 2F 1-2: Fly out, F9 (Flyball, 89M, EV 81.2 MPH)
|
| Top of the 1st over - 0 runs, 0 hits, 0 errors, 0 left on base; New Hampshire 0 - Akron 0 |
| BOTTOM OF THE 1ST |
|
Akron RubberDucks batting - Pitching for New Hampshire Fisher Cats : LHP Antonio Villarreal
|
|
Pitching: LHP Antonio Villarreal
|
|
|
Batting: RHB Justin Lauderdale
|
0-0: Called Strike 0-1: Foul Ball, location: 2F 0-2: Strikes out looking
|
|
Batting: RHB Chris Folse
|
0-0: Ball 1-0: Ball 2-0: Called Strike 2-1: Foul Ball, location: 2F 2-2: SINGLE (Groundball, 6D, EV 103.1 MPH)
|
|
Batting: SHB Valentin Laporte
|
0-0: Ball 1-0: Called Strike 1-1: Fly out, F9 (Flyball, 89S, EV 84.4 MPH)
|
|
Batting: RHB Tristan Wright
|
0-0: Ball 1-0: Called Strike 1-1: Ball 2-1: Swinging Strike 2-2: Strikes out swinging
|
| Bottom of the 1st over - 0 runs, 1 hit, 0 errors, 1 left on base; New Hampshire 0 - Akron 0 |
| TOP OF THE 2ND |
|
New Hampshire Fisher Cats batting - Pitching for Akron RubberDucks : RHP Yuri Bijleveld
|
|
Batting: RHB Justin Geiger
|
0-0: Foul Ball, location: 2F 0-1: SINGLE (Line Drive, 4M, EV 96.9 MPH)
|
|
Batting: RHB Kai Stoyle
|
0-0: Ball Justin Geiger steals 2nd, throwing error, E2 Justin Geiger to third 1-0: Ball 2-0: Called Strike 2-1: Foul Ball, location: 2F 2-2: TRIPLE (Flyball, 89XD, EV 102.5 MPH) Justin Geiger scores
|
|
Batting: RHB Chris Martin
|
0-0: Ball Wild Pitch! Kai Stoyle scores 1-0: Ground out 5-3 (Groundball, 56S, EV 87.5 MPH)
|
|
Batting: LHB Kurt Estep
|
0-0: Swinging Strike 0-1: Swinging Strike 0-2: Strikes out swinging
|
|
Batting: RHB Bobby Lasaguna
|
0-0: Ball 1-0: Ball 2-0: Called Strike 2-1: Ground out 3-1 (Groundball, 34, EV 86.9 MPH)
|
| Top of the 2nd over - 2 runs, 2 hits, 1 error, 0 left on base; New Hampshire 2 - Akron 0 |
| BOTTOM OF THE 2ND |
|
Akron RubberDucks batting - Pitching for New Hampshire Fisher Cats : LHP Antonio Villarreal
|
|
Batting: LHB Esteban Cordova
|
0-0: Ball 1-0: Foul Ball, location: 2F 1-1: Ball 2-1: SINGLE (Groundball, 4D, EV 101.9 MPH)
|
|
Batting: RHB Ricky Deen
|
0-0: Ball 1-0: Foul Ball, location: 2F 1-1: Ball 2-1: Ball 3-1: Fielders Choice at 2nd, 1-4 (Groundball, 15S, EV 74.4 MPH)
|
|
Batting: RHB Jose Valtierra
|
0-0: Called Strike 0-1: Foul Ball, location: 2F 0-2: SINGLE (Groundball, 4MD, EV 96.2 MPH) Ricky Deen to second
|
|
Batting: SHB Javon Mitchell
|
0-0: Called Strike 0-1: Ball 1-1: Foul Ball, location: 2F 1-2: Fielders Choice at 2nd, 6-4 (Groundball, 6, EV 105.0 MPH) Ricky Deen to third
|
|
Batting: SHB Jarrod Lindblad
|
0-0: Ball Javon Mitchell steals 2nd base 1-0: Called Strike 1-1: Foul Ball, location: 2F 1-2: Ball 2-2: Fly out, F9 (Line Drive, 9S, EV 103.1 MPH)
|
| Bottom of the 2nd over - 0 runs, 2 hits, 0 errors, 2 left on base; New Hampshire 2 - Akron 0 |
| TOP OF THE 3RD |
|
New Hampshire Fisher Cats batting - Pitching for Akron RubberDucks : RHP Yuri Bijleveld
|
|
Batting: RHB Justin Powell
|
0-0: Ball 1-0: Ball 2-0: Called Strike 2-1: Foul Ball, location: 2F 2-2: Strikes out swinging
|
|
Batting: RHB Tokuji Kawabata
|
0-0: Foul Ball, location: 2F 0-1: Ball 1-1: Called Strike 1-2: Ball 2-2: Ball 3-2: Fly out, F2 (Popup, 15S, EV 77.5 MPH)
|
|
Batting: RHB Stephen Casteel
|
0-0: Ground out 6-3 (Groundball, 6, EV 103.8 MPH)
|
| Top of the 3rd over - 0 runs, 0 hits, 0 errors, 0 left on base; New Hampshire 2 - Akron 0 |
| BOTTOM OF THE 3RD |
|
Akron RubberDucks batting - Pitching for New Hampshire Fisher Cats : LHP Antonio Villarreal
|
|
Batting: RHB Justin Lauderdale
|
0-0: SINGLE (Line Drive, 89S, EV 103.8 MPH)
|
|
Batting: RHB Chris Folse
|
0-0: Ball 1-0: Ball 2-0: Ball 3-0: Base on Balls Justin Lauderdale to second
|
|
Batting: SHB Valentin Laporte
|
0-0: Ball 1-0: Called Strike 1-1: Called Strike 1-2: SINGLE (Line Drive, 8LS, EV 94.4 MPH) Justin Lauderdale to third Chris Folse to second
|
|
Batting: RHB Tristan Wright
|
0-0: Ball 1-0: Foul Ball, location: 2F 1-1: Called Strike 1-2: Ball 2-2: Foul Ball, location: 2F 2-2: Strikes out looking
|
|
Batting: LHB Esteban Cordova
|
0-0: Ball 1-0: Fly out, F7 (Flyball, 7S, EV 75.6 MPH)
|
|
Batting: RHB Ricky Deen
|
0-0: Ball 1-0: Ball 2-0: Swinging Strike 2-1: SINGLE (Line Drive, 4MD, EV 105.0 MPH) Justin Lauderdale scores Chris Folse to third Valentin Laporte to second Runner from 3rd tries for Home, throw by CF and OUT! 8-2
|
| Bottom of the 3rd over - 1 run, 3 hits, 0 errors, 2 left on base; New Hampshire 2 - Akron 1 |
| TOP OF THE 4TH |
|
New Hampshire Fisher Cats batting - Pitching for Akron RubberDucks : RHP Yuri Bijleveld
|
|
Batting: RHB Bill Murray
|
0-0: Called Strike 0-1: Foul Ball, location: 2F 0-2: Ball 1-2: Foul Ball, location: 2F 1-2: Foul Ball, location: 2F 1-2: Ball 2-2: Foul Ball, location: 2F 2-2: Ball 3-2: Ground out 3-1 (Groundball, 34, EV 88.1 MPH)
|
|
Batting: RHB Justin Geiger
|
0-0: Ball 1-0: Ball 2-0: Ground out 5-3 (Groundball, 56, EV 104.4 MPH)
|
|
Batting: RHB Kai Stoyle
|
0-0: Ball 1-0: Called Strike 1-1: Swinging Strike 1-2: Ball 2-2: Ground out U3 (Groundball, 34S, EV 94.4 MPH)
|
| Top of the 4th over - 0 runs, 0 hits, 0 errors, 0 left on base; New Hampshire 2 - Akron 1 |
| BOTTOM OF THE 4TH |
|
Akron RubberDucks batting - Pitching for New Hampshire Fisher Cats : LHP Antonio Villarreal
|
|
Batting: RHB Jose Valtierra
|
0-0: Ball 1-0: Called Strike 1-1: Foul Ball, location: 2F 1-2: Ground out U3 (Groundball, 34, EV 85.0 MPH)
|
|
Batting: SHB Javon Mitchell
|
0-0: Ball 1-0: Called Strike 1-1: Ball 2-1: Called Strike 2-2: Foul Ball, location: 2F 2-2: Ground out 6-3 (Groundball, 6, EV 85.0 MPH)
|
|
Batting: SHB Jarrod Lindblad
|
0-0: Foul Ball, location: 2F 0-1: Called Strike 0-2: Ball 1-2: Ground out 6-3 (Groundball, P, EV 88.8 MPH)
|
| Bottom of the 4th over - 0 runs, 0 hits, 0 errors, 0 left on base; New Hampshire 2 - Akron 1 |
| TOP OF THE 5TH |
|
New Hampshire Fisher Cats batting - Pitching for Akron RubberDucks : RHP Yuri Bijleveld
|
|
Batting: RHB Chris Martin
|
0-0: Bunt missed! 0-1: Ground out 6-3 (Groundball, 6, EV 85.0 MPH)
|
|
Batting: LHB Kurt Estep
|
0-0: Ball 1-0: Ball 2-0: SINGLE (Line Drive, 6M, EV 104.4 MPH)
|
|
Batting: RHB Bobby Lasaguna
|
0-0: Called Strike Kurt Estep steals 2nd, throwing error, E2 Kurt Estep to third 0-1: Ball 1-1: Ball 2-1: Foul Ball, location: 2F 2-2: Foul Ball, location: 2F 2-2: Ground out 6-3 (Groundball, 6S, EV 81.9 MPH) Kurt Estep scores
|
|
Batting: RHB Justin Powell
|
0-0: Ball 1-0: Called Strike 1-1: Ball 2-1: Foul Ball, location: 2F 2-2: Fly out, F5 (Popup, 5SF, EV 71.2 MPH)
|
| Top of the 5th over - 1 run, 1 hit, 1 error, 0 left on base; New Hampshire 3 - Akron 1 |
| BOTTOM OF THE 5TH |
|
Akron RubberDucks batting - Pitching for New Hampshire Fisher Cats : LHP Antonio Villarreal
|
|
Batting: RHB Justin Lauderdale
|
0-0: Called Strike 0-1: Ball 1-1: Ball 2-1: Foul Ball, location: 2F 2-2: Foul Ball, location: 2F 2-2: Ball 3-2: Base on Balls
|
|
Batting: RHB Chris Folse
|
0-0: Called Strike 0-1: Fly out, F8 (Flyball, 8RS, EV 74.4 MPH)
|
|
Batting: SHB Valentin Laporte
|
0-0: Swinging Strike 0-1: Ball Justin Lauderdale steals 2nd base (no throw) 1-1: Ball 2-1: Ball 3-1: Base on Balls
|
|
Batting: RHB Tristan Wright
|
0-0: Ball 1-0: Foul Ball, location: 2F 1-1: Ball 2-1: SINGLE (Groundball, 6MD, EV 101.9 MPH) Justin Lauderdale to third Valentin Laporte to second Runner from 3rd tries for Home, SAFE, throw by CF to home
|
|
Batting: LHB Esteban Cordova
|
0-0: Foul Ball, location: 2F 0-1: Ball 1-1: Called Strike 1-2: Foul Ball, location: 2F 1-2: SINGLE (Groundball, 6MD, EV 98.8 MPH) Valentin Laporte to third Tristan Wright to second Runner from 3rd tries for Home, SAFE, throw by CF to home
|
|
Batting: RHB Ricky Deen
|
0-0: SINGLE (Line Drive, 8RS, EV 95.6 MPH) Tristan Wright to third Esteban Cordova to second
|
|
Batting: RHB Jose Valtierra
|
0-0: Called Strike 0-1: SINGLE (Groundball, 56, EV 94.4 MPH) Tristan Wright scores Esteban Cordova to third Ricky Deen to second
|
|
Batting: SHB Javon Mitchell
|
0-0: Foul Ball, location: 2F 0-1: Ball 1-1: Called Strike 1-2: Strikes out swinging
|
|
Pitching: LHP Bryan Reynolds
|
|
|
Batting: SHB Jarrod Lindblad
|
0-0: Ball 1-0: Called Strike 1-1: Called Strike 1-2: Foul Ball, location: 2F 1-2: Foul Ball, location: 2F 1-2: Ball 2-2: Foul Ball, location: 2F 2-2: Foul Ball, location: 2F 2-2: Foul Ball, location: 2F 2-2: Ball 3-2: Foul Ball, location: 2F 3-2: Ground out 3-1 (Groundball, 34S, EV 83.1 MPH)
|
| Bottom of the 5th over - 3 runs, 4 hits, 0 errors, 3 left on base; New Hampshire 3 - Akron 4 |
| TOP OF THE 6TH |
|
New Hampshire Fisher Cats batting - Pitching for Akron RubberDucks : RHP Yuri Bijleveld
|
|
Batting: RHB Tokuji Kawabata
|
0-0: Foul Ball, location: 2F 0-1: Ball 1-1: Ball 2-1: Foul Ball, location: 2F 2-2: Fly out, F4 (Popup, 34S, EV 85.6 MPH)
|
|
Batting: RHB Stephen Casteel
|
0-0: Ball 1-0: Foul Ball, location: 2F 1-1: Foul Ball, location: 2F 1-2: Fly out, F7 (Flyball, 7D, EV 89.4 MPH)
|
|
Batting: RHB Bill Murray
|
0-0: Swinging Strike 0-1: Ball 1-1: Ground out 6-3 (Groundball, 6, EV 93.1 MPH)
|
| Top of the 6th over - 0 runs, 0 hits, 0 errors, 0 left on base; New Hampshire 3 - Akron 4 |
| BOTTOM OF THE 6TH |
|
Akron RubberDucks batting - Pitching for New Hampshire Fisher Cats : LHP Bryan Reynolds
|
|
Batting: RHB Justin Lauderdale
|
0-0: Swinging Strike 0-1: Swinging Strike 0-2: Ball 1-2: SINGLE (Groundball, 56D, EV 94.4 MPH)
|
|
Batting: RHB Chris Folse
|
0-0: Ball Justin Lauderdale is caught stealing 2nd base 2-4 1-0: Swinging Strike 1-1: Ball 2-1: Ground out 5-3 (Groundball, 5L, EV 81.9 MPH)
|
|
Batting: SHB Valentin Laporte
|
0-0: Ball 1-0: Ball 2-0: Ball 3-0: Base on Balls
|
|
Batting: RHB Tristan Wright
|
0-0: Called Strike 0-1: Ball 1-1: Ball 2-1: Ball 3-1: Foul Ball, location: 2F 3-2: Ground out 5-3 (Groundball, 56, EV 83.1 MPH)
|
| Bottom of the 6th over - 0 runs, 1 hit, 0 errors, 1 left on base; New Hampshire 3 - Akron 4 |
| TOP OF THE 7TH |
|
New Hampshire Fisher Cats batting - Pitching for Akron RubberDucks : RHP Yuri Bijleveld
|
|
Now at 1B: Willie Gonzales
|
|
|
Batting: RHB Justin Geiger
|
0-0: Ball 1-0: Fly out, F7 (Line Drive, 78M, EV 86.9 MPH)
|
|
Batting: RHB Kai Stoyle
|
0-0: Ground out 5-3 (Groundball, 56S, EV 63.8 MPH)
|
|
Batting: RHB Chris Martin
|
0-0: Ball 1-0: Fly out, F8 (Flyball, 78M, EV 79.4 MPH)
|
| Top of the 7th over - 0 runs, 0 hits, 0 errors, 0 left on base; New Hampshire 3 - Akron 4 |
| BOTTOM OF THE 7TH |
|
Akron RubberDucks batting - Pitching for New Hampshire Fisher Cats : LHP Bryan Reynolds
|
|
Pitching: RHP Matt Still
|
|
|
Batting: LHB Esteban Cordova
|
0-0: Called Strike 0-1: Called Strike 0-2: Ball 1-2: Ball 2-2: Strikes out looking
|
|
Batting: RHB Ricky Deen
|
0-0: Ball 1-0: Foul Ball, location: 2F 1-1: Foul Ball, location: 2F 1-2: Ground out 5-3 (Groundball, 56, EV 83.8 MPH)
|
|
Batting: RHB Jose Valtierra
|
0-0: Foul Ball, location: 2F 0-1: Ball 1-1: Foul Ball, location: 2F 1-2: Ground out 6-3 (Groundball, 6, EV 91.2 MPH)
|
| Bottom of the 7th over - 0 runs, 0 hits, 0 errors, 0 left on base; New Hampshire 3 - Akron 4 |
| TOP OF THE 8TH |
|
New Hampshire Fisher Cats batting - Pitching for Akron RubberDucks : RHP Yuri Bijleveld
|
|
Now at 1B: Alex Vasquez
|
|
|
Now at 2B: Willie Gonzales
|
|
|
Batting: LHB Kurt Estep
|
0-0: Foul Ball, location: 2F 0-1: Foul Ball, location: 2F 0-2: Ball 1-2: Ball 2-2: Ground out 1-3 (Groundball, 13S, EV 66.9 MPH)
|
|
Batting: RHB Bobby Lasaguna
|
0-0: Ground out 6-3 (Groundball, 6, EV 83.8 MPH)
|
|
Batting: RHB Justin Powell
|
0-0: Ground out 6-3 (Groundball, 56D, EV 81.2 MPH)
|
| Top of the 8th over - 0 runs, 0 hits, 0 errors, 0 left on base; New Hampshire 3 - Akron 4 |
| BOTTOM OF THE 8TH |
|
Akron RubberDucks batting - Pitching for New Hampshire Fisher Cats : RHP Matt Still
|
|
Batting: SHB Javon Mitchell
|
0-0: Foul Ball, location: 2F 0-1: Ball 1-1: Swinging Strike 1-2: Ball 2-2: Ball 3-2: Base on Balls
|
|
Batting: SHB Jarrod Lindblad
|
0-0: Bunt missed! 0-1: Sac Bunt to 15S - play at first, batter OUT! 1-3 Javon Mitchell to second
|
|
Batting: RHB Justin Lauderdale
|
0-0: Swinging Strike 0-1: Ball 1-1: Foul Ball, location: 2F 1-2: Ball 2-2: Ball 3-2: Foul Ball, location: 2F 3-2: Base on Balls
|
|
Batting: RHB Chris Folse
|
0-0: Ball Javon Mitchell is caught stealing 3rd base 2-5 Justin Lauderdale to second 1-0: Ball 2-0: Called Strike 2-1: Foul Ball, location: 2F 2-2: Foul Ball, location: 2F 2-2: Strikes out swinging
|
| Bottom of the 8th over - 0 runs, 0 hits, 0 errors, 1 left on base; New Hampshire 3 - Akron 4 |
| TOP OF THE 9TH |
|
New Hampshire Fisher Cats batting - Pitching for Akron RubberDucks : RHP Yuri Bijleveld
|
|
Pitching: RHP Juan Flores
|
|
|
Batting: RHB Tokuji Kawabata
|
0-0: Ball 1-0: Fly out, F8 (Flyball, 8LD, EV 92.5 MPH)
|
|
Pinch Hitting: SHB Tristan Dearing
|
0-0: Ball 1-0: Foul Ball, location: 2F 1-1: Ball 2-1: Foul Ball, location: 2F 2-2: Ground out 4-3 (Groundball, 4, EV 83.8 MPH)
|
|
Batting: RHB Bill Murray
|
0-0: Ball 1-0: Ball 2-0: Called Strike 2-1: Ball 3-1: Swinging Strike 3-2: Foul Ball, location: 2F 3-2: Foul Ball, location: 2F 3-2: Strikes out looking
|
| Top of the 9th over - 0 runs, 0 hits, 0 errors, 0 left on base; New Hampshire 3 - Akron 4 |
|